 Dungeon Crawl Stone Soup version 0.30-a0-310-g7d6cbdfea6 (webtiles) character file.

Game seed: 5203443215074355537

24322 jlumianski the Cleaver (level 12, -5/94 HPs)
             Began as a Demonspawn Gladiator on Oct 17, 2022.
             Was a Priest of Qazlal.
             Slain by an orc knight
             ... wielding a +0 great sword
              (16 damage)
             ... on level 2 of the Orcish Mines on Oct 24, 2022.
             The game lasted 01:26:17 (16516 turns).

jlumianski the Cleaver (Demonspawn Gladiator)      Turns: 16516, Time: 01:26:18

Health: -5/94      AC: 34    Str: 25    XL:     12   Next: 79%
Magic:  17/17      EV: 12    Int:  6    God:    Qazlal [***...]
Gold:   1865       SH:  9    Dex: 16    Spells: 11/11 levels left

rFire   . . .      SeeInvis +    N - +2 battleaxe
rCold   . . .      Faith    .    (shield currently unavailable)
rNeg    . . .      Spirit   .    P - +9 plate armour {ponderous}
rPois   .          Reflect  +    c - +0 helmet
rElec   .          Harm     .    H - +1 cloak
rCorr   .          Rampage  .    (no gloves)
Will    .....                    x - +2 pair of boots
Stlth   ..........               D - amulet of Oroquat {Reflect Str+5 Int-4 SH+5 SInv}
HPRegen 0.35/turn                O - +4 ring of protection
MPRegen 0.30/turn                w - ring of flight

@: lethally poisoned (-5 -> -11), about to teleport, flying, slow
A: claws 2, repulsion field 2, foul stench 2, magic regeneration, thin skeletal
structure 1, MP-powered wands
a: Renounce Religion, Upheaval, Elemental Force


You were on level 2 of the Orcish Mines.
You worshipped Qazlal.
Qazlal was most pleased with you.
You visited 3 branches of the dungeon, and saw 16 of its levels.

You collected 1865 gold pieces.

Inventory:

Hand Weapons
 a - a +2 vorpal spear
 v - a +4 whip
 M - a +2 scimitar of flaming
 N - a +2 battleaxe (weapon)
Missiles
 d - 3 throwing nets
 q - 17 poisoned darts
 G - 12 boomerangs of dispersal
 I - 21 boomerangs (quivered)
 L - 3 curare-tipped darts
 S - 3 javelins
Armour
 b - a +1 hat
 c - a +0 helmet (worn)
 u - a +0 plate armour
 x - a +2 pair of boots (worn)
 H - a +1 cloak (worn)
 P - a +9 plate armour of ponderousness (worn)
Jewellery
 k - a ring of protection from cold
 r - a ring of ice
 t - an amulet of guardian spirit
 w - a ring of flight (right claw)
 D - the amulet of Oroquat (around neck) {Reflect Str+5 Int-4 SH+5 SInv}
   (You found it on level 5 of the Dungeon)

   [amulet of reflection]

   It reflects blocked missile attacks.
   Str:       It affects your strength (+5).
   Int:       It affects your intelligence (-4).
   SInv:      It lets you see invisible.
   SH:        It affects your SH (+5).
 J - a ring of positive energy
 O - a +4 ring of protection (left claw)
 W - a ring of resist corrosion
Wands
 f - a wand of polymorph (25)
 l - a wand of charming (26)
Scrolls
 g - 2 scrolls of enchant weapon
 h - a scroll of noise
 m - a scroll of identify
 n - 2 scrolls of immolation
 o - 2 scrolls of poison
 y - a scroll of butterflies
 C - a scroll of teleportation
 E - a scroll of magic mapping
 F - a scroll of fear
Potions
 i - 6 potions of curing
 j - a potion of lignification
 p - a potion of haste
 s - a potion of heal wounds
 z - a potion of invisibility
 A - 3 potions of might
 B - 3 potions of attraction
 K - 2 potions of brilliance
 X - 2 potions of ambrosia
Miscellaneous
 e - a lightning rod (3/4)
 V - a tin of tremorstones (inert)


   Skills:
 + Level 8.6 Fighting
 + Level 13.0 Axes
 + Level 3.8 Throwing
 + Level 8.8 Armour
 + Level 4.4 Dodging
 + Level 0.7 Stealth
 + Level 5.3 Shields
 * Level 7.0 Invocations
 * Level 5.6 Evocations


You had 11 spell levels left.
You didn't know any spells.
Your spell library contained the following spells:

 Spells                   Type           Power      Damage    Failure   Level
 Magic Dart               Conj           0%         1d3       99%         1
 Call Imp                 Summ           0%         N/A       100%        2
 Cigotuvi's Dreadful Rot  Necr/Pois/Air  0%         N/A       100%        2
 Poisonous Vapours        Pois/Air       0%         N/A       100%        2
 Sublimation of Blood     Necr           0%         N/A       100%        2
 Wereblood                Tmut           0%         N/A       100%        2
 Dazzling Flash           Conj/Hex       0%         N/A       100%        3
 Gell's Gravitas          Tloc           0%         N/A       100%        3
 Mephitic Cloud           Conj/Pois/Air  0%         N/A       100%        3
 Portal Projectile        Hex/Tloc       0%         N/A       100%        3
 Stone Arrow              Conj/Erth      0%         3d7       100%        3
 Teleport Other           Tloc           0%         N/A       100%        3
 Tukima's Dance           Hex            0%         N/A       100%        3
 Animate Armour           Summ/Erth      0%         N/A       100%        4
 Animate Dead             Necr           0%         N/A       100%        4
 Iskenderun's Mystic Bla  Conj/Tloc      0%         2d3       100%        4
 Blade Hands              Tmut           0%         N/A       100%        5
 Borgnjor's Vile Clutch   Necr/Erth      0%         N/A       100%        5
 Death Channel            Necr           0%         N/A       100%        6
 Dispersal                Tloc           0%         N/A       100%        6
 Starburst                Conj/Fire      0%         6d3       100%        6
 Haunt                    Necr/Summ      0%         N/A       100%        7
 Summon Hydra             Summ           0%         N/A       100%        7
 Infestation              Necr           0%         N/A       100%        8
 Lehudib's Crystal Spear  Conj/Erth      0%         10d2      100%        8


Dungeon Overview and Level Annotations

Branches:
Dungeon (13/15)            Temple (1/1) D:7            Lair (0/5) D:10
    Orc (2/2) D:10            Elf (0/3) Orc:2
 Vaults: D:13-14

Altars:
Ashenzari
Dithmenos
Fedhas
Gozag
Hepliaklqana
Kikubaaqudgha
Makhleb
Nemelex Xobeh
Qazlal
Ru
Trog
Vehumet
Wu Jian
Xom
Yredelemnul

Shops:
D:9 *

Annotations:
D:8 1 runed translucent door, sirJeffrey23's ghost, novice DsFi
D:13 Jorgrun


Innate Abilities, Weirdness & Mutations

You have very sharp fingernails.
You are surrounded by a moderate repulsion field. (EV +3)
You sometimes emit foul miasma when damaged in melee.
You regenerate magic rapidly.
You have a somewhat thin skeletal structure. (Dex +2, Stealth+)
You expend magic power (3 MP) to strengthen your wands.


Message History

The orc knight looks as sick as possible!
You kill the orc knight!
Qazlal accepts your kill.
Your lightning rod (3/4) has regained one charge.
Your Axes skill increases to level 13!
Your Invocations skill increases to level 7!
You feel sick.
The orc high priest is engulfed in blazing flames.
The orc high priest calls upon Beogh to heal the orc warrior.
The orc warrior is healed somewhat.
You block the orc knight's attack.
The orc warrior is engulfed in dark miasma.
The orc warrior is poisoned.
The orc warrior barely misses you.
You see here a +0 mace.
You slash the orc high priest!
The orc high priest is heavily wounded.
You barely miss the orc knight.
You hit the orc warrior but do no damage.
You hit the ynoxinul. You closely miss the orc knight.
You feel sick.
The orc warrior no longer looks unusually strong.
The orc high priest is engulfed in blazing flames.
The orc high priest hits you but does no damage.
You are more poisoned.
The orc knight barely misses you.
The orc knight hits you with a +0 great sword!
* * * LOW HITPOINT WARNING * * *
You emit a cloud of foul miasma!
The orc warrior is engulfed in dark miasma.
The orc warrior looks even sicker.
You block the orc warrior's attack.
The ynoxinul hits you but does no damage.
As you read the scroll of teleportation, it crumbles to dust.
You feel strangely unstable.
You feel sick.
The orc high priest is engulfed in blazing flames.
The orc high priest mumbles some strange prayers to Beogh against you.
Beogh smites you!
* * * LOW HITPOINT WARNING * * *
The orc knight closely misses you.
The orc knight is engulfed in dark miasma.
The orc knight is poisoned.
The orc knight hits you with a +0 great sword!
You die...

..#......................o....).o
.)............................oo.
.................).#.#.#.#.#.#.#.
#..................#.............
................[..##............
#...............)[.####.........#
#...............[).# ###.....###
............[[[[oo.# #######
.............[[o@########
...............3)o....#.##
................)....#...#
...)..........))[.......###
..............)))......##.##
..............[[...........#
.#............)...........##
##.........................##
#.........#..#..........#...#


You could see 2 orc knights, an orc high priest (strong), a ynoxinul (summoned)
and an orc warrior (very poisoned).

Vanquished Creatures
  Gastronok (D:8)
  A boulder beetle (D:11)
  A centaur warrior (D:13)
  An orc high priest (Orc:2)
  Lodul (D:12)
  6 orc knights
  A manticore (D:13)
  An orc sorcerer (Orc:2)
  A deep elf pyromancer (D:12)
  A cyclops (D:13)
  2 ugly things
  Psyche (D:8)
  A molten gargoyle (D:12)
  A gargoyle (D:11)
  A komodo dragon (D:9)
  A yaktaur (D:12)
  3 unseen horrors
  An efreet (D:13)
  2 trolls (D:10)
  Prince Ribbit (D:6)
  4 slime creatures
  A shadow (D:11)
  A wyvern (D:9)
  3 vampires
  Grum (D:8)
  3 wraiths
  9 yaks
  3 fire elementals (D:13)
  4 steam dragons
  3 vampire mosquitoes (D:11)
  4 wargs
  An acid dragon (D:10)
  2 sky beasts
  Duvessa (D:6)
  23 orc warriors
  12 ogres
  A black bear (D:10)
  4 wolves (D:7)
  A centaur (D:9)
  3 phantoms
  A kobold brigand (D:9)
  3 bullfrogs
  A necrophage (D:5)
  4 scorpions
  2 gnoll sergeants
  3 wights (D:8)
  Dowan (D:6)
  5 killer bees (D:9)
  6 howler monkeys
  3 lava snakes (D:13)
  2 jellies
  22 orc priests
  6 hounds
  An iguana (D:7)
  16 orc wizards
  Robin (D:2)
  17 gnolls
  6 adders
  A shadow imp (D:7)
  2 white imps
  2 ufetubi
  2 dart slugs
  63 orcs
  7 ball pythons
  5 endoplasms
  3 giant cockroaches
  18 goblins
  16 hobgoblins
  5 jackals
  4 quokkas
  2 bats
  4 frilled lizards
  16 kobolds
  10 rats
373 creatures vanquished.

Vanquished Creatures (collateral kills)
  An orc high priest (Orc:2)
1 creature vanquished.

Vanquished Creatures (others)
  A howler monkey (D:8)
  A butterfly (D:3)
  18 fungi (D:10)
  15 plants (D:10)
35 creatures vanquished.

Grand Total: 409 creatures vanquished

Notes
Turn   | Place    | Note
-------+----------+-------------------------------------------
     0 | D:1      | jlumianski the Demonspawn Gladiator began the quest for the
                  | Orb.
     0 | D:1      | Reached XP level 1. HP: 16/16 MP: 1/1
    80 | D:1      | Gained mutation: You have sharp fingernails. [demonic
                  | ancestry]
    80 | D:1      | Reached XP level 2. HP: 18/22 MP: 2/2
    93 | D:1      | Reached skill level 3 in Axes
   404 | D:1      | Reached XP level 3. HP: 15/27 MP: 3/3
   616 | D:2      | Found a faded altar of an unknown god.
  1524 | D:2      | Reached XP level 4. HP: 33/33 MP: 4/4
  1804 | D:3      | Noticed Robin
  1910 | D:2      | Killed Robin
  2042 | D:3      | Found a sparkling altar of Nemelex Xobeh.
  2092 | D:3      | Reached skill level 4 in Axes
  2237 | D:4      | Found a basalt altar of Yredelemnul.
  2252 | D:4      | Noticed an angel
  2253 | D:4      | Found a shimmering altar of Xom.
  2272 | D:4      | Noticed a scorpion
  2278 | D:4      | Killed a scorpion
  2279 | D:4      | Reached skill level 1 in Armour
  2279 | D:4      | Gained mutation: You have very sharp fingernails. [demonic
                  | ancestry]
  2279 | D:4      | Reached XP level 5. HP: 31/39 MP: 5/5
  2430 | D:5      | Entered Level 5 of the Dungeon
  2619 | D:4      | Gained mutation: You may rarely emit foul miasma when
                  | damaged in melee. [demonic ancestry]
  2619 | D:4      | Reached XP level 6. HP: 44/46 MP: 4/6
  3605 | D:3      | Gained mutation: You expend magic power (3 MP) to
                  | strengthen your wands. [potion of mutation]
  3605 | D:3      | Gained mutation: You have a somewhat thin skeletal
                  | structure. (Dex +2, Stealth+) [potion of mutation]
  3848 | D:6      | Noticed Duvessa
  3848 | D:6      | Noticed Dowan
  3861 | D:5      | Reached skill level 5 in Axes
  4134 | D:5      | Gained mutation: You regenerate magic rapidly. [demonic
                  | ancestry]
  4134 | D:5      | Reached XP level 7. HP: 52/52 MP: 7/7
  4736 | D:5      | Identified the amulet of Oroquat {Reflect Str+5 Int-4 SH+5
                  | SInv}
  4922 | D:8      | Noticed Grum
  4922 | D:8      | Noticed a yak
  4933 | D:7      | Reached skill level 6 in Axes
  5059 | D:8      | Noticed a yak
  5082 | D:7      | Reached XP level 8. HP: 12/59 MP: 8/8
  5293 | D:7      | Reached skill level 7 in Axes
  5293 | D:7      | Reached skill level 1 in Shields
  5418 | D:8      | Killed Grum
  5422 | D:8      | Found a flagged portal.
  5611 | D:6      | Noticed Prince Ribbit
  5632 | D:6      | Killed Prince Ribbit
  5640 | D:6      | Killed Duvessa
  5641 | D:6      | Reached skill level 5 in Armour
  5643 | D:6      | Killed Dowan
  5644 | D:6      | Gained mutation: You sometimes emit foul miasma when
                  | damaged in melee. [demonic ancestry]
  5644 | D:6      | Reached XP level 9. HP: 47/66 MP: 9/9
  6182 | D:7      | Reached skill level 8 in Axes
  6247 | D:7      | Found a burning altar of Makhleb.
  6594 | D:7      | Found a staircase to the Ecumenical Temple.
  6619 | Temple   | Entered the Ecumenical Temple
  6633 | Temple   | Became a worshipper of Qazlal Stormbringer
  6990 | D:8      | Noticed Gastronok
  7017 | D:8      | Killed Gastronok
  7018 | D:8      | Reached skill level 5 in Fighting
  7018 | D:8      | Reached skill level 9 in Axes
  7018 | D:8      | Reached XP level 10. HP: 52/74 MP: 10/10
  7070 | D:8      | Noticed Psyche
  7154 | D:8      | Killed Psyche
  7472 | D:8      | Found a runed translucent door.
  7473 | D:8      | Found a shimmering altar of Xom.
  7473 | D:8      | Noticed sirJeffrey23's ghost (novice DsFi)
  7474 | D:8      | Noticed a +1 falchion of chaos
  7610 | D:9      | Reached skill level 10 in Axes
  7683 | D:9      | Reached * piety under Qazlal
  7732 | D:9      | Found Ysaecyus's Assorted Antiques.
  7918 | D:10     | Entered Level 10 of the Dungeon
  8091 | D:9      | Found a hazy altar of Hepliaklqana.
  8889 | D:10     | Found a staircase to the Orcish Mines.
  8971 | D:11     | Reached skill level 11 in Axes
  9015 | D:10     | Gained mutation: You are surrounded by a mild repulsion
                  | field. (EV +2) [demonic ancestry]
  9015 | D:10     | Reached XP level 11. HP: 80/83 MP: 11/11
  9034 | D:10     | Reached ** piety under Qazlal
  9127 | D:10     | Found a bloodstained altar of Trog.
  9187 | D:10     | Reached skill level 1 in Evocations
  9260 | D:10     | Reached skill level 1 in Invocations
  9394 | D:10     | Found a staircase to the Lair.
  9485 | D:10     | Upgraded the game from 0.30-a0-292-g0f741e3f8e to
                  | 0.30-a0-310-g7d6cbdfea6
 10134 | D:11     | Noticed a boulder beetle
 10157 | D:11     | Killed a boulder beetle
 10278 | D:11     | You are sucked into a shaft and drop 2 floors!
 10893 | D:12     | Noticed Lodul
 11104 | D:12     | Noticed a deep elf pyromancer
 11120 | D:12     | Killed a deep elf pyromancer
 11354 | D:12     | Noticed a purple ugly thing
 11365 | D:12     | Killed a purple ugly thing
 12137 | D:12     | Killed Lodul
 12179 | D:13     | Noticed a centaur warrior
 12180 | D:13     | Noticed Jorgrun
 12778 | D:13     | Noticed an orc knight
 12823 | D:13     | Noticed a centaur warrior
 12959 | D:12     | Reached skill level 12 in Axes
 13224 | D:12     | Killed an orc knight
 13225 | D:12     | Gained mutation: You are surrounded by a moderate repulsion
                  | field. (EV +3) [demonic ancestry]
 13225 | D:12     | Reached XP level 12. HP: 24/92 MP: 15/15
 13429 | D:13     | Killed a centaur warrior
 13430 | D:13     | Reached skill level 5 in Invocations
 13561 | D:13     | Identified the +11 rapier "Rovatam" {venom, Str+7 Int+4}
 13561 | D:13     | Noticed a death knight
 13734 | D:13     | Noticed a centaur warrior
 13784 | Orc:1    | Entered Level 1 of the Orcish Mines
 14020 | Orc:1    | Found a burning altar of Makhleb.
 14488 | Orc:2    | Entered Level 2 of the Orcish Mines
 14821 | Orc:2    | Found a staircase to the Elven Halls.
 15516 | Orc:1    | Reached *** piety under Qazlal
 15596 | Orc:2    | Noticed an orc high priest
 15623 | Orc:1    | Reached skill level 5 in Shields
 15653 | Orc:2    | Killed an orc high priest
 15701 | Orc:2    | Reached skill level 5 in Evocations
 16251 | Orc:2    | Noticed an orc high priest
 16254 | Orc:2    | Noticed an orc high priest
 16270 | Orc:2    | Reached **** piety under Qazlal
 16494 | Orc:2    | Noticed an orc high priest
 16504 | Orc:2    | Killed an orc high priest
 16514 | Orc:2    | Reached skill level 13 in Axes
 16516 | Orc:2    | Slain by an orc knight

Illustrated notes

Levels and vault maps discovered:
D:1:      arrival_zaba_pyramid, layout_basic
D:2:      layout_loops_cross, dreamdust_ecumenical_altar_statues,
          minmay_pentomino_o2
D:3:      layout_basic, nicolae_elyvilon_peaceful_grove,
          nemelex_spade_bored_becter, kennysheep_generic_room_13, uniq_robin
D:4:      kennysheep_six_static_rooms, layout_loops_cross,
          grunt_temple_overflow_order_and_chaos_1, kennysheep_little_box,
          enter_ossuary_1
D:5:      layout_loops_corners
D:6:      layout_gridville, minmay_holes, minmay_unpleasant_kobolds,
          uniq_prince_ribbit1, uniq_duvessa
D:7:      layout_rooms, mainiacjoe_overflow_alcove_1,
          minmay_temple_entry_water_ring
D:8:      layout_rooms, ebering_ghost_xom, enter_bailey_4, minivault_10,
          uniq_grum, uniq_gastronok, uniq_psyche
D:9:      layout_rooms, lemuel_coloured_pillars_altar, serial_shops, shop,
          serial_curves, eino_curves_02, eino_curves_02, eino_curves_01,
          eino_curves_02
D:10:     layout_rooms, mainiacjoe_overflow_alcove_4,
          grunt_lair_entry_orc_guard_hut, orc_0_dummy
D:11:     layout_irregular_city
D:12:     layout_cave_pools, hangedman_decor_peaks_small, columned_hall_lemuel,
          uniq_lodul
D:13:     layout_basic, uniq_jorgrun
Temple:   eino_narrow_crystal_temple
Orc:1:    layout_diamond_mine, basic_altar
Orc:2:    st_orc_pillars, layout_diamond_mine

Skill      XL: |  1  2  3  4  5  6  7  8  9 10 11 12 |
---------------+-------------------------------------+-----
Dodging        | 3 4 |  4.4
Axes           | 3 4 5 6 7 9 11 12 13 | 13.0
Armour         | 1 2 3 5 6 7 8 |  8.8
Throwing       | 2 3 |  3.8
Fighting       | 3 4 5 6 7 8 |  8.6
Shields        | 1 2 3 4 5 |  5.3
Evocations     | 4 5 |  5.6
Invocations    | 4 7 |  7.0
Stealth        | |  0.7

Action                   |  1- 3 |  4- 6 |  7- 9 | 10-12 || total
-------------------------+-------+-------+-------+-------++-------
Melee: War axe           |   127 |   181 |   208 |    21 ||   537
       Punch             |     2 |     2 |     5 |       ||     9
       Battleaxe         |       |       |       |   621 ||   621
Throw: Javelin           |     1 |       |     3 |     1 ||     5
       Dart              |       |     8 |    25 |     4 ||    37
       Boomerang         |       |       |       |    12 ||    12
Invok: Upheaval          |       |       |       |     5 ||     5
       Elemental Force   |       |       |       |     1 ||     1
Evoke: Lightning rod     |       |       |       |     6 ||     6
       Tin of tremorston |       |       |       |     3 ||     3
  Use: Scroll            |       |    11 |     4 |    13 ||    28
       Potion            |       |     2 |     2 |     3 ||     7
Armor: Leather armour    |     7 |       |       |       ||     7
       Ring mail         |    33 |    64 |       |       ||    97
       Plate armour      |       |    33 |   141 |   411 ||   585
       Skin              |       |       |       |     2 ||     2
Dodge: Dodged            |    84 |   136 |    94 |   367 ||   681
Block: Other             |       |       |    43 |   276 ||   319
       Reflection        |       |       |     3 |    20 ||    23

Table legend: (Time is in decaauts)
 A = Elapsed time spent in this place.
 B = Non-inter-level travel time spent in this place.
 C = Inter-level travel time spent in this place.
 D = Time resting spent in this place.
 E = Time spent auto-exploring this place.
 F = Levels seen in this place.
 G = Mean time per level.
                   A        B        C        D        E       F      G
               +--------+--------+--------+--------+--------+-----+--------+
         Total |  16970 |  16680 |    290 |   3176 |   6825 |  16 | 1060.6 |
       Dungeon |  14181 |  13909 |    272 |   2625 |   6115 |  13 | 1090.8 |
        Temple |     22 |     22 |      0 |      0 |      0 |   1 |   22.0 |
  Orcish Mines |   2765 |   2747 |     18 |    551 |    710 |   2 | 1382.5 |
               +--------+--------+--------+--------+--------+-----+--------+

Top non-repeatable levels by time:
    D:11: 1865 daAuts
    D:12: 1827 daAuts
   Orc:2: 1674 daAuts
    D:10: 1247 daAuts
     D:7: 1136 daAuts
   Orc:1: 1091 daAuts
     D:4: 1076 daAuts
     D:2: 1063 daAuts
     D:5: 990 daAuts
     D:6: 974 daAuts
     D:9: 950 daAuts
     D:3: 941 daAuts
     D:1: 827 daAuts
     D:8: 710 daAuts
    D:13: 570 daAuts
